[ AOE2 MATCH · #484111984 ]
UnrankedBohemians vs None
Player's team · LOSS
Rival team · WIN
[ REPLAY ANALYSIS · EXTRACTED FROM THE RECORDED GAME ]
Feudal
15:14
Castle
25:48
Imperial
37:30
| APM avg | 4.8 |
| APM peak | 11 |
| eAPM avg | 3.9 |
| Villagers / military | 33 / 0 |
Focus
⚔️ 16.7% · 🌾 83.3%
Feudal
15:07
Castle
20:22
Imperial
—
| APM avg | 17.4 |
| APM peak | 51 |
| eAPM avg | 10.2 |
| Villagers / military | 71 / 41 |
Focus
⚔️ 23.4% · 🌾 76.6%
Monk ×27 · Petard ×11 · Monaspa ×3
Feudal
17:22
Castle
22:57
Imperial
—
| APM avg | 18.0 |
| APM peak | 57 |
| eAPM avg | 6.7 |
| Villagers / military | 41 / 26 |
Focus
⚔️ 15.3% · 🌾 84.7%
Knight ×26
Feudal
20:03
Castle
24:57
Imperial
—
| APM avg | 16.5 |
| APM peak | 43 |
| eAPM avg | 10.1 |
| Villagers / military | 86 / 22 |
Focus
⚔️ 21.2% · 🌾 78.8%
Spearman ×15 · Urumi Swordsman ×7
Feudal
13:09
Castle
27:33
Imperial
—
| APM avg | 19.4 |
| APM peak | 66 |
| eAPM avg | 7.4 |
| Villagers / military | 45 / 23 |
Focus
⚔️ 25.4% · 🌾 74.6%
Spearman ×9 · Archer ×6 · Scout Cavalry ×6 · Camel Scout ×1 · Armored Elephant ×1
Feudal
16:15
Castle
26:14
Imperial
—
| APM avg | 12.7 |
| APM peak | 42 |
| eAPM avg | 8.2 |
| Villagers / military | 60 / 38 |
Focus
⚔️ 14.2% · 🌾 85.8%
Karambit Warrior ×29 · Militia ×7 · Monk ×1 · Scout Cavalry ×1
Feudal
14:29
Castle
18:48
Imperial
—
| APM avg | 14.7 |
| APM peak | 79 |
| eAPM avg | 7.0 |
| Villagers / military | 59 / 27 |
Focus
⚔️ 17.3% · 🌾 82.7%
Militia ×23 · Monk ×2 · Spearman ×2
Feudal
17:40
Castle
24:11
Imperial
—
| APM avg | 18.9 |
| APM peak | 39 |
| eAPM avg | 11.0 |
| Villagers / military | 65 / 17 |
Focus
⚔️ 17.2% · 🌾 82.8%
Militia ×11 · Konnik ×6
Match map
Initial resources + every placement click. Lines = walls · curves = elevation contours. ◆ gold · ⬟ stone · ● berries · ✦ relic · ◌ wall gap
Your base· Open — 6t gap
alpha_omega71's base· Open — unwalled flank
Cartus's base· Open — 14t gap
Mickme's base· Open — unwalled flank
Squirting_Pussy's base· Open — unwalled flank
maialen_zubi's base· Open — unwalled flank
JayLian's base· Open — 7t gap
travislift7's base· Open — unwalled flank
Smoothed initial terrain · ◌ = detected wall gap · hover for details
Inputs per minute
— Dickinho - - alpha_omega71
Build order — Dickinho
105 actions detected in the replay
| 0:17 | Build | Town Center |
| 2:54 | Build | House |
| 2:56 | Build | House |
| 3:19 | Create | Villager (Male) |
| 3:19 | Create | Villager (Male) |
| 3:22 | Create | Villager (Male) |
| 4:34 | Create | Villager (Male) |
| 4:50 | Build | Lumber Camp |
| 5:44 | Create | Villager (Male) |
| 6:13 | Create | Villager (Male) |
| 6:41 | Create | Villager (Male) |
| 7:32 | Build | Mill |
| 7:38 | Create | Villager (Male) |
| 8:06 | Create | Villager (Male) |
| 8:20 | Build | House |
| 8:40 | Create | Villager (Male) |
| 9:45 | Create | Villager (Male) |
| 10:23 | Build | Mining Camp |
| 13:04 | Research | Feudal Age |
| 13:36 | Build | Mining Camp |
| 13:57 | Build | Farm |
| 14:04 | Build | Farm |
| 14:10 | Build | Farm |
| 14:17 | Build | Farm |
| 14:23 | Build | Farm |
| 15:14 | Age | Feudal Age |
| 15:17 | Create | Villager (Male) |
| 15:18 | Create | Villager (Male) |
| 15:19 | Create | Villager (Male) |
| 15:21 | Create | Villager (Male) |
| 15:56 | Build | Farm |
| 16:04 | Research | Horse Collar |
| 16:14 | Build | Farm |
| 17:03 | Build | House |
| 17:04 | Build | House |
| 17:05 | Build | House |
| 17:09 | Create | Villager (Male) |
| 17:10 | Create | Villager (Male) |
| 17:39 | Build | Farm |
| 18:03 | Create | Villager (Male) |
| 18:04 | Create | Villager (Male) |
| 18:18 | Build | Farm |
| 18:22 | Research | Wheelbarrow |
| 18:59 | Build | Blacksmith |
| 19:31 | Research | Double-Bit Axe |
| 20:01 | Build | Barracks |
| 20:19 | Create | Villager (Male) |
| 20:21 | Create | Villager (Male) |
| 20:50 | Build | Farm |
| 21:11 | Build | Archery Range |
| 21:19 | Build | Farm |
| 21:38 | Create | Villager (Male) |
| 22:25 | Build | House |
| 22:26 | Build | House |
| 22:28 | Build | House |
| 22:30 | Build | House |
| 22:31 | Build | House |
| 23:08 | Research | Castle Age |
| 23:48 | Build | Market |
| 23:59 | Research | Padded Archer Armor |
| 24:03 | Research | Fletching |
| 24:37 | Research | Arson |
| 25:36 | Build | Stone Wall |
| 25:48 | Age | Castle Age |
| 25:56 | Research | Heavy Plow |
| 26:01 | Research | Bow Saw |
| 26:09 | Create | Villager (Male) |
| 26:09 | Create | Villager (Male) |
| 26:32 | Research | Squires |
| 26:53 | Build | Farm |
| 27:16 | Build | Farm |
| 27:39 | Build | Mining Camp |
| 28:18 | Research | Hand Cart |
| 28:20 | Create | Villager (Male) |
| 28:21 | Create | Villager (Male) |
| 29:16 | Build | Stone Wall |
| 29:38 | Create | Villager (Male) |
| 29:38 | Create | Villager (Male) |
| 29:40 | Create | Villager (Male) |
| 30:39 | Build | Farm |
| 31:21 | Research | Leather Archer Armor |
| 31:22 | Research | Bodkin Arrow |
| 31:45 | Create | Villager (Male) |
| 31:47 | Create | Villager (Male) |
| 32:00 | Build | Castle |
| 32:59 | Build | University |
| 33:15 | Research | Scale Mail Armor |
| 33:16 | Research | Forging |
| 34:20 | Research | Imperial Age |
| 34:56 | Build | Stone Wall |
| 35:18 | Build | Lumber Camp |
| 35:46 | Research | Chemistry |
| 36:30 | Research | Ballistics |
| 37:27 | Build | Stone Wall |
| 37:30 | Age | Imperial Age |
| 38:03 | Create | Villager (Male) |
| 38:03 | Create | Villager (Male) |
| 38:26 | Build | Archery Range |
| 38:28 | Build | Archery Range |
| 38:31 | Build | Archery Range |
| 38:51 | Research | Ring Archer Armor |
| 38:53 | Research | Bracer |
| 39:17 | Build | Stone Wall |
| 40:16 | Build | Stone Wall |
| 40:26 | Build | Archery Range |
Build order — alpha_omega71
First 150 of 217 actions detected
| 1:29 | Build | Town Center |
| 3:12 | Build | House |
| 3:13 | Build | House |
| 3:14 | Build | House |
| 3:16 | Build | House |
| 3:23 | Create | Villager (Male) |
| 3:24 | Create | Villager (Male) |
| 3:24 | Create | Villager (Male) |
| 3:24 | Create | Villager (Male) |
| 3:53 | Research | Loom |
| 5:32 | Create | Villager (Male) |
| 5:33 | Create | Villager (Male) |
| 5:59 | Create | Villager (Male) |
| 6:18 | Create | Villager (Male) |
| 6:49 | Create | Villager (Male) |
| 7:32 | Create | Villager (Male) |
| 7:32 | Create | Villager (Male) |
| 7:32 | Create | Villager (Male) |
| 7:32 | Create | Villager (Male) |
| 7:33 | Create | Villager (Male) |
| 7:51 | Create | Villager (Male) |
| 8:23 | Create | Villager (Male) |
| 8:24 | Create | Villager (Male) |
| 8:24 | Create | Villager (Male) |
| 8:58 | Create | Villager (Male) |
| 9:35 | Create | Villager (Male) |
| 9:35 | Create | Villager (Male) |
| 9:47 | Create | Villager (Male) |
| 10:10 | Create | Villager (Male) |
| 10:11 | Create | Villager (Male) |
| 10:11 | Create | Villager (Male) |
| 10:11 | Create | Villager (Male) |
| 11:15 | Build | Mule Cart |
| 11:39 | Build | Mule Cart |
| 11:49 | Build | Mill |
| 12:53 | Research | Feudal Age |
| 14:07 | Create | Villager (Male) |
| 14:07 | Create | Villager (Male) |
| 14:08 | Create | Villager (Male) |
| 15:07 | Age | Feudal Age |
| 15:16 | Build | House |
| 15:17 | Build | House |
| 15:21 | Build | Blacksmith |
| 15:31 | Build | Market |
| 15:37 | Research | Wheelbarrow |
| 15:38 | Create | Villager (Male) |
| 15:38 | Create | Villager (Male) |
| 16:54 | Build | Farm |
| 16:55 | Build | Farm |
| 16:59 | Build | Farm |
| 17:01 | Build | Farm |
| 17:02 | Build | Farm |
| 17:04 | Build | Farm |
| 17:21 | Build | Farm |
| 17:24 | Research | Castle Age |
| 18:01 | Research | Double-Bit Axe |
| 18:45 | Build | Mule Cart |
| 18:47 | Build | Mule Cart |
| 18:57 | Research | Horse Collar |
| 20:22 | Age | Castle Age |
| 21:25 | Create | Villager (Male) |
| 21:25 | Create | Villager (Male) |
| 21:25 | Create | Villager (Male) |
| 21:26 | Create | Villager (Male) |
| 21:26 | Create | Villager (Male) |
| 21:31 | Research | Bow Saw |
| 21:34 | Research | Gold Mining |
| 21:48 | Build | Monastery |
| 21:56 | Build | Monastery |
| 22:20 | Create | Villager (Male) |
| 22:21 | Create | Villager (Male) |
| 22:21 | Create | Villager (Male) |
| 22:29 | Build | Stone Wall |
| 22:36 | Build | Gate |
| 22:41 | Create | Monk |
| 22:41 | Create | Monk |
| 22:51 | Research | Stone Mining |
| 22:58 | Create | Monk |
| 22:59 | Create | Monk |
| 23:17 | Build | House |
| 23:18 | Build | House |
| 23:19 | Build | House |
| 23:19 | Build | House |
| 23:20 | Build | House |
| 23:21 | Build | House |
| 23:22 | Build | House |
| 23:24 | Build | House |
| 23:26 | Build | House |
| 23:29 | Build | House |
| 23:30 | Build | House |
| 23:31 | Build | House |
| 23:32 | Build | House |
| 24:09 | Create | Villager (Male) ×5 |
| 24:18 | Build | Mule Cart |
| 24:23 | Build | Mule Cart |
| 24:52 | Create | Villager (Male) |
| 24:53 | Create | Villager (Male) |
| 24:57 | Research | Heavy Plow |
| 25:25 | Build | Stone Wall |
| 25:29 | Build | Gate |
| 25:38 | Build | House |
| 25:40 | Build | House |
| 25:41 | Build | House |
| 25:48 | Build | Mule Cart |
| 25:52 | Build | Mule Cart |
| 26:21 | Build | Farm |
| 26:27 | Create | Villager (Male) |
| 27:16 | Build | Farm |
| 27:17 | Build | Farm |
| 27:18 | Create | Villager (Male) |
| 27:18 | Create | Villager (Male) |
| 27:22 | Build | Farm |
| 28:04 | Build | Castle |
| 28:06 | Build | Farm |
| 28:07 | Create | Villager (Male) |
| 28:09 | Create | Villager (Male) |
| 28:34 | Build | Stone Wall |
| 28:37 | Build | Stone Wall |
| 28:44 | Build | Farm |
| 28:46 | Create | Villager (Male) |
| 28:46 | Create | Villager (Male) |
| 28:46 | Create | Villager (Male) |
| 28:58 | Create | Monk |
| 28:58 | Create | Monk |
| 29:04 | Build | Farm |
| 29:30 | Build | Gate |
| 29:34 | Build | Farm |
| 29:35 | Create | Villager (Male) |
| 29:35 | Create | Villager (Male) |
| 29:43 | Research | Stone Shaft Mining |
| 29:51 | Build | Monastery |
| 30:14 | Build | Stone Wall |
| 30:16 | Build | Stone Wall |
| 30:22 | Build | Stone Wall |
| 30:28 | Create | Villager (Male) |
| 30:30 | Build | Farm |
| 30:32 | Build | Farm |
| 30:35 | Build | Farm |
| 31:07 | Create | Villager (Male) |
| 31:11 | Create | Petard |
| 31:11 | Create | Petard |
| 31:11 | Create | Petard |
| 31:11 | Create | Petard |
| 31:12 | Create | Petard |
| 31:14 | Create | Petard |
| 31:15 | Create | Petard |
| 31:29 | Build | Gate |
| 32:15 | Create | Villager (Male) |
| 32:15 | Create | Villager (Male) |
| 32:16 | Create | Villager (Male) |
Build order — Cartus
127 actions detected in the replay
| 0:56 | Build | Town Center |
| 1:33 | Build | House |
| 3:45 | Build | Lumber Camp |
| 3:48 | Create | Villager (Male) |
| 3:48 | Create | Villager (Male) |
| 3:49 | Create | Villager (Male) |
| 3:49 | Create | Villager (Male) |
| 4:22 | Build | House |
| 5:33 | Build | House |
| 5:43 | Research | Loom |
| 5:44 | Create | Villager (Male) |
| 6:30 | Create | Villager (Male) |
| 6:58 | Create | Villager (Male) |
| 7:28 | Build | House |
| 7:33 | Create | Villager (Male) |
| 8:09 | Create | Villager (Male) |
| 8:50 | Create | Villager (Male) |
| 9:17 | Create | Villager (Male) |
| 9:51 | Create | Villager (Male) |
| 10:01 | Create | Villager (Male) |
| 10:01 | Create | Villager (Male) |
| 10:50 | Create | Villager (Male) |
| 10:51 | Create | Villager (Male) |
| 10:51 | Create | Villager (Male) |
| 10:52 | Create | Villager (Male) |
| 11:34 | Build | Mill |
| 12:03 | Create | Villager (Male) |
| 12:03 | Create | Villager (Male) |
| 12:03 | Create | Villager (Male) |
| 12:03 | Create | Villager (Male) |
| 12:04 | Create | Villager (Male) |
| 13:03 | Build | House |
| 14:56 | Build | House |
| 15:12 | Research | Feudal Age |
| 16:21 | Build | House |
| 17:22 | Age | Feudal Age |
| 17:48 | Build | House |
| 18:15 | Build | Market |
| 18:20 | Build | Blacksmith |
| 19:10 | Build | Lumber Camp |
| 19:53 | Research | Double-Bit Axe |
| 20:17 | Research | Castle Age |
| 20:41 | Build | Mill |
| 21:04 | Build | Barracks |
| 22:18 | Build | Stable |
| 22:57 | Age | Castle Age |
| 23:40 | Research | Bow Saw |
| 23:47 | Create | Knight |
| 23:47 | Create | Knight |
| 24:54 | Create | Knight |
| 24:55 | Create | Knight |
| 24:55 | Create | Knight |
| 26:49 | Build | Castle |
| 27:21 | Build | Farm |
| 27:25 | Build | Farm |
| 27:28 | Build | Farm |
| 27:32 | Build | Farm |
| 27:38 | Build | Farm |
| 28:19 | Build | Farm |
| 28:23 | Build | Farm |
| 28:27 | Build | Farm |
| 28:31 | Build | Farm |
| 28:35 | Build | Farm |
| 28:38 | Build | Farm |
| 29:03 | Create | Villager (Male) |
| 30:54 | Create | Villager (Male) |
| 30:54 | Create | Villager (Male) |
| 30:55 | Create | Villager (Male) |
| 30:55 | Create | Villager (Male) |
| 30:55 | Create | Villager (Male) |
| 30:55 | Create | Villager (Male) |
| 30:56 | Create | Villager (Male) |
| 31:05 | Build | Farm |
| 31:41 | Research | Wheelbarrow |
| 31:42 | Research | Town Watch |
| 32:03 | Research | Horse Collar |
| 32:23 | Build | Mining Camp |
| 32:30 | Create | Villager (Male) |
| 32:31 | Create | Villager (Male) |
| 32:31 | Create | Villager (Male) |
| 32:31 | Create | Villager (Male) |
| 32:31 | Create | Villager (Male) |
| 32:42 | Create | Knight |
| 32:42 | Create | Knight |
| 32:43 | Create | Knight |
| 32:43 | Create | Knight |
| 32:43 | Create | Knight |
| 32:44 | Create | Knight |
| 33:09 | Build | House |
| 33:14 | Build | House |
| 33:29 | Build | Farm |
| 33:32 | Create | Villager (Male) |
| 33:32 | Create | Villager (Male) |
| 33:32 | Create | Villager (Male) |
| 33:33 | Create | Villager (Male) |
| 33:33 | Create | Villager (Male) |
| 34:08 | Build | Farm |
| 34:11 | Research | Heavy Plow |
| 34:29 | Build | Farm |
| 34:41 | Research | Gold Mining |
| 35:20 | Build | University |
| 35:45 | Build | Monastery |
| 36:06 | Build | Farm |
| 36:11 | Build | Farm |
| 36:32 | Build | Farm |
| 37:51 | Build | Mining Camp |
| 38:00 | Research | Imperial Age |
| 38:24 | Build | Farm |
| 39:24 | Build | House |
| 39:27 | Build | House |
| 39:30 | Build | House |
| 39:51 | Create | Knight |
| 39:51 | Create | Knight |
| 39:51 | Create | Knight |
| 39:51 | Create | Knight |
| 39:52 | Create | Knight |
| 39:52 | Create | Knight |
| 39:52 | Create | Knight |
| 39:52 | Create | Knight |
| 39:53 | Create | Knight |
| 39:53 | Create | Knight |
| 39:53 | Create | Knight |
| 39:53 | Create | Knight |
| 39:54 | Create | Knight |
| 39:54 | Create | Knight |
| 39:54 | Create | Knight |
| 40:51 | Build | Siege Workshop |
Build order — Mickme
First 150 of 197 actions detected
| 2:39 | Build | Town Center |
| 3:23 | Build | House |
| 3:24 | Build | House |
| 3:26 | Build | House |
| 4:53 | Research | Loom |
| 4:54 | Create | Villager (Male) |
| 4:54 | Create | Villager (Male) |
| 4:55 | Create | Villager (Male) |
| 4:55 | Create | Villager (Male) |
| 4:55 | Create | Villager (Male) |
| 6:24 | Create | Villager (Male) |
| 7:05 | Create | Villager (Male) |
| 7:38 | Create | Villager (Male) |
| 8:03 | Create | Villager (Male) |
| 8:04 | Create | Villager (Male) |
| 8:24 | Create | Villager (Male) |
| 8:57 | Create | Villager (Male) |
| 9:34 | Create | Villager (Male) |
| 9:34 | Create | Villager (Male) |
| 9:43 | Create | Villager (Male) |
| 10:40 | Create | Villager (Male) |
| 10:40 | Create | Villager (Male) |
| 10:51 | Build | House |
| 10:53 | Build | House |
| 10:55 | Build | House |
| 10:57 | Build | House |
| 11:02 | Build | House |
| 11:32 | Create | Villager (Male) |
| 11:32 | Create | Villager (Male) |
| 11:38 | Create | Villager (Male) |
| 11:39 | Create | Villager (Male) |
| 12:00 | Create | Villager (Male) |
| 12:01 | Create | Villager (Male) |
| 12:01 | Create | Villager (Male) |
| 14:08 | Create | Villager (Male) |
| 14:09 | Create | Villager (Male) |
| 14:09 | Create | Villager (Male) |
| 14:25 | Create | Villager (Male) |
| 14:34 | Build | Mill |
| 14:44 | Create | Villager (Male) |
| 14:57 | Create | Villager (Male) |
| 15:33 | Create | Villager (Male) |
| 15:48 | Build | Mining Camp |
| 16:21 | Build | Mining Camp |
| 16:23 | Create | Villager (Male) |
| 17:04 | Create | Villager (Male) |
| 17:10 | Build | Lumber Camp |
| 17:36 | Research | Feudal Age |
| 18:23 | Create | Villager (Male) |
| 18:24 | Create | Villager (Male) |
| 20:03 | Age | Feudal Age |
| 20:14 | Build | Market |
| 20:17 | Build | Blacksmith |
| 20:23 | Research | Horse Collar |
| 20:25 | Create | Villager (Male) |
| 20:26 | Research | Double-Bit Axe |
| 21:20 | Create | Villager (Male) |
| 21:45 | Create | Villager (Male) |
| 22:05 | Build | Farm |
| 22:06 | Build | Farm |
| 22:08 | Build | Farm |
| 22:10 | Build | Farm |
| 22:11 | Build | Farm |
| 22:12 | Build | Farm |
| 22:14 | Build | Farm |
| 22:17 | Research | Castle Age |
| 22:29 | Build | Farm |
| 22:33 | Build | Farm |
| 22:34 | Build | Farm |
| 22:35 | Build | Farm |
| 22:37 | Build | Farm |
| 22:38 | Build | Farm |
| 22:39 | Build | Farm |
| 22:40 | Build | Farm |
| 22:43 | Build | Farm |
| 23:37 | Build | House |
| 23:38 | Build | House |
| 23:39 | Build | House |
| 23:41 | Build | House |
| 23:42 | Build | House |
| 23:43 | Build | House |
| 24:00 | Build | Barracks |
| 24:09 | Build | Barracks |
| 24:23 | Research | Fletching |
| 24:32 | Create | Villager (Male) |
| 24:33 | Create | Villager (Male) |
| 24:34 | Create | Villager (Male) |
| 24:35 | Create | Villager (Male) |
| 24:57 | Age | Castle Age |
| 25:05 | Create | Villager (Male) |
| 25:10 | Create | Villager (Male) |
| 25:11 | Create | Villager (Male) |
| 25:11 | Create | Villager (Male) |
| 25:33 | Research | Forging |
| 25:40 | Build | Castle |
| 25:42 | Create | Villager (Male) |
| 25:43 | Create | Villager (Male) |
| 26:05 | Create | Villager (Male) |
| 26:15 | Create | Spearman |
| 26:42 | Create | Villager (Male) |
| 26:55 | Create | Spearman |
| 26:59 | Create | Villager (Male) |
| 27:05 | Build | Barracks |
| 27:20 | Build | Mining Camp |
| 27:24 | Create | Villager (Male) |
| 27:25 | Create | Villager (Male) |
| 27:34 | Research | Pikeman (upgrade) |
| 27:52 | Create | Villager (Male) |
| 27:54 | Create | Villager (Male) |
| 28:07 | Create | Spearman |
| 28:08 | Create | Spearman |
| 28:34 | Create | Urumi Swordsman |
| 28:35 | Create | Urumi Swordsman |
| 28:53 | Research | Squires |
| 29:08 | Create | Urumi Swordsman |
| 29:25 | Research | Gambesons |
| 29:42 | Create | Urumi Swordsman |
| 29:43 | Create | Urumi Swordsman |
| 30:11 | Research | Man-at-Arms (upgrade) |
| 30:43 | Research | Iron Casting |
| 30:48 | Create | Villager (Male) |
| 30:57 | Research | Arson |
| 31:01 | Create | Villager (Male) |
| 31:25 | Research | Stone Mining |
| 31:28 | Create | Villager (Male) |
| 31:55 | Build | Stone Wall |
| 32:01 | Create | Villager (Male) |
| 32:10 | Create | Spearman |
| 32:10 | Create | Spearman |
| 32:22 | Research | Scale Mail Armor |
| 32:46 | Build | Stone Wall |
| 32:50 | Build | Gate |
| 32:55 | Create | Villager (Male) |
| 33:04 | Research | Bodkin Arrow |
| 33:12 | Create | Villager (Male) |
| 33:29 | Build | Stone Wall |
| 33:30 | Build | Stone Wall |
| 33:34 | Create | Villager (Male) |
| 33:36 | Create | Villager (Male) |
| 34:10 | Build | Stone Wall |
| 34:20 | Build | Mining Camp |
| 34:22 | Create | Villager (Male) |
| 34:25 | Create | Villager (Male) |
| 34:27 | Create | Villager (Male) |
| 34:33 | Create | Urumi Swordsman |
| 34:34 | Create | Urumi Swordsman |
| 34:44 | Build | Mining Camp |
| 35:13 | Build | Stone Wall |
| 35:24 | Research | Wheelbarrow |
| 35:30 | Create | Spearman |
Build order — Squirting_Pussy
145 actions detected in the replay
| 1:10 | Build | Town Center |
| 3:05 | Create | Villager (Male) |
| 3:06 | Create | Villager (Male) |
| 3:06 | Create | Villager (Male) |
| 3:06 | Create | Villager (Male) |
| 3:07 | Create | Villager (Male) |
| 3:32 | Build | House |
| 4:02 | Create | Villager (Male) |
| 4:16 | Build | House |
| 4:24 | Build | House |
| 4:34 | Create | Villager (Male) |
| 5:06 | Build | Lumber Camp |
| 5:24 | Create | Villager (Male) |
| 5:24 | Create | Villager (Male) |
| 5:30 | Research | Loom |
| 5:30 | Create | Villager (Male) |
| 5:31 | Create | Villager (Male) |
| 6:44 | Create | Villager (Male) |
| 7:04 | Create | Villager (Male) |
| 7:04 | Create | Villager (Male) |
| 7:46 | Build | House |
| 8:07 | Create | Villager (Male) |
| 8:33 | Build | House |
| 8:38 | Create | Villager (Male) |
| 8:38 | Create | Villager (Male) |
| 8:40 | Create | Villager (Male) |
| 10:05 | Create | Villager (Male) |
| 10:21 | Build | Mill |
| 10:59 | Research | Feudal Age |
| 11:06 | Build | Farm |
| 11:06 | Build | Farm |
| 11:08 | Build | Farm |
| 11:16 | Create | Villager (Male) |
| 11:16 | Create | Villager (Male) |
| 12:01 | Build | House |
| 12:20 | Build | Palisade Wall |
| 12:56 | Build | Farm |
| 12:56 | Build | Farm |
| 12:57 | Build | Farm |
| 13:09 | Age | Feudal Age |
| 13:31 | Build | Barracks |
| 13:34 | Build | Palisade Wall |
| 13:46 | Research | Double-Bit Axe |
| 13:58 | Create | Villager (Male) |
| 13:59 | Create | Villager (Male) |
| 14:09 | Build | Farm |
| 14:30 | Build | Farm |
| 15:12 | Build | House |
| 15:16 | Create | Villager (Male) |
| 15:16 | Create | Villager (Male) |
| 15:16 | Create | Villager (Male) |
| 15:17 | Create | Villager (Male) |
| 15:37 | Build | Farm |
| 15:58 | Research | Horse Collar |
| 16:09 | Build | Blacksmith |
| 16:15 | Create | Spearman |
| 16:15 | Create | Spearman |
| 16:40 | Create | Villager (Male) |
| 16:40 | Create | Villager (Male) |
| 16:52 | Build | Farm |
| 17:01 | Build | Palisade Wall |
| 17:01 | Build | Palisade Wall |
| 17:13 | Create | Villager (Male) |
| 17:13 | Create | Villager (Male) |
| 17:26 | Build | Farm |
| 17:27 | Build | Farm |
| 17:43 | Create | Spearman |
| 17:44 | Create | Spearman |
| 18:15 | Build | Stable |
| 18:42 | Create | Spearman |
| 18:45 | Create | Spearman |
| 18:52 | Build | Palisade Wall |
| 19:07 | Build | Watch Tower |
| 19:26 | Build | House |
| 19:26 | Build | House |
| 19:34 | Build | Palisade Gate |
| 20:01 | Research | Bloodlines |
| 20:13 | Create | Villager (Male) |
| 20:14 | Create | Villager (Male) |
| 20:14 | Create | Villager (Male) |
| 20:18 | Research | Wheelbarrow |
| 20:19 | Create | Villager (Male) |
| 20:41 | Build | Farm |
| 20:46 | Build | Farm |
| 20:48 | Build | Farm |
| 21:05 | Build | Market |
| 21:17 | Create | Scout Cavalry |
| 21:17 | Create | Scout Cavalry |
| 21:18 | Create | Scout Cavalry |
| 21:45 | Create | Villager (Male) |
| 21:45 | Create | Villager (Male) |
| 22:19 | Build | Farm |
| 22:32 | Build | Palisade Wall |
| 23:12 | Build | Blacksmith |
| 23:37 | Create | Villager (Male) |
| 23:38 | Create | Villager (Male) |
| 23:38 | Create | Villager (Male) |
| 23:39 | Create | Villager (Male) |
| 23:47 | Build | Palisade Wall |
| 23:56 | Build | Blacksmith |
| 24:01 | Create | Scout Cavalry |
| 24:02 | Create | Scout Cavalry |
| 24:02 | Create | Scout Cavalry |
| 24:53 | Research | Castle Age |
| 25:38 | Research | Scale Barding Armor |
| 26:31 | Build | House |
| 26:32 | Build | House |
| 26:35 | Build | House |
| 26:36 | Build | House |
| 26:38 | Build | House |
| 26:58 | Build | Mining Camp |
| 27:26 | Research | Forging |
| 27:33 | Age | Castle Age |
| 27:34 | Research | Chain Barding Armor |
| 27:38 | Research | Husbandry |
| 27:40 | Research | Light Cavalry (upgrade) |
| 27:44 | Create | Camel Scout |
| 27:52 | Create | Villager (Male) |
| 27:52 | Create | Villager (Male) |
| 28:40 | Research | Bow Saw |
| 28:43 | Research | Heavy Plow |
| 28:55 | Build | Mining Camp |
| 28:59 | Create | Villager (Male) |
| 28:59 | Create | Villager (Male) |
| 29:35 | Build | House |
| 29:35 | Build | House |
| 29:37 | Build | House |
| 30:01 | Build | Siege Workshop |
| 30:07 | Create | Spearman |
| 30:07 | Create | Spearman |
| 30:07 | Create | Spearman |
| 30:14 | Research | Iron Casting |
| 30:47 | Build | Archery Range |
| 30:56 | Build | Lumber Camp |
| 31:00 | Create | Armored Elephant |
| 32:10 | Research | Thumb Ring |
| 32:11 | Research | Crossbowman (upgrade) |
| 32:15 | Research | Padded Archer Armor |
| 32:46 | Build | Mining Camp |
| 33:30 | Create | Archer |
| 33:30 | Create | Archer |
| 33:31 | Create | Archer |
| 33:31 | Create | Archer |
| 33:32 | Create | Archer |
| 33:33 | Create | Archer |
Build order — maialen_zubi
First 150 of 181 actions detected
| 1:23 | Build | Town Center |
| 2:33 | Build | House |
| 2:35 | Build | House |
| 3:03 | Build | House |
| 3:10 | Create | Villager (Male) |
| 3:10 | Create | Villager (Male) |
| 3:10 | Create | Villager (Male) |
| 3:11 | Create | Villager (Male) |
| 3:11 | Create | Villager (Male) |
| 3:41 | Build | Palisade Gate |
| 3:54 | Build | House |
| 4:32 | Create | Villager (Male) |
| 5:01 | Research | Loom |
| 5:41 | Create | Villager (Male) |
| 6:09 | Create | Villager (Male) |
| 6:21 | Create | Villager (Male) |
| 6:41 | Create | Villager (Male) |
| 7:12 | Create | Villager (Male) |
| 7:13 | Create | Villager (Male) |
| 7:22 | Create | Villager (Male) |
| 7:59 | Create | Villager (Male) |
| 8:32 | Create | Villager (Male) |
| 8:33 | Create | Villager (Male) |
| 9:01 | Build | House |
| 9:19 | Create | Villager (Male) |
| 9:19 | Create | Villager (Male) |
| 9:41 | Build | House |
| 9:49 | Build | House |
| 10:18 | Create | Villager (Male) |
| 10:18 | Create | Villager (Male) |
| 10:19 | Create | Villager (Male) |
| 10:47 | Build | Barracks |
| 10:55 | Create | Villager (Male) |
| 10:55 | Create | Villager (Male) |
| 11:48 | Build | Mining Camp |
| 13:02 | Build | Mining Camp |
| 13:25 | Create | Militia |
| 13:48 | Build | Mining Camp |
| 14:29 | Create | Villager (Male) |
| 14:57 | Research | Feudal Age |
| 15:17 | Build | Mill |
| 15:50 | Build | Farm |
| 15:51 | Build | Farm |
| 15:57 | Create | Militia |
| 16:15 | Age | Feudal Age |
| 16:19 | Create | Villager (Male) |
| 16:28 | Build | Market |
| 16:37 | Build | Blacksmith |
| 16:43 | Create | Villager (Male) |
| 16:59 | Build | Farm |
| 17:07 | Research | Horse Collar |
| 17:16 | Build | Farm |
| 17:28 | Build | Lumber Camp |
| 17:30 | Create | Militia |
| 17:39 | Build | Farm |
| 17:41 | Build | Farm |
| 17:42 | Build | Farm |
| 17:52 | Create | Villager (Male) |
| 17:53 | Create | Militia |
| 17:54 | Create | Militia |
| 18:19 | Create | Villager (Male) |
| 18:22 | Create | Militia |
| 18:39 | Build | House |
| 18:45 | Create | Militia |
| 18:50 | Build | Farm |
| 19:06 | Create | Villager (Male) |
| 19:10 | Build | House |
| 19:18 | Build | Palisade Wall |
| 19:21 | Build | Palisade Gate |
| 19:34 | Research | Man-at-Arms (upgrade) |
| 19:40 | Create | Villager (Male) |
| 20:04 | Create | Villager (Male) |
| 20:22 | Research | Forging |
| 20:32 | Build | Farm |
| 20:46 | Create | Villager (Male) |
| 20:58 | Build | Watch Tower |
| 21:23 | Create | Villager (Male) |
| 21:48 | Create | Villager (Male) |
| 21:56 | Build | Farm |
| 22:24 | Create | Villager (Male) |
| 22:59 | Build | Farm |
| 23:23 | Research | Wheelbarrow |
| 24:21 | Research | Castle Age |
| 24:47 | Build | Palisade Wall |
| 25:17 | Research | Double-Bit Axe |
| 25:44 | Build | Stable |
| 25:49 | Create | Villager (Male) |
| 25:50 | Create | Villager (Male) |
| 26:14 | Age | Castle Age |
| 26:23 | Create | Villager (Male) |
| 26:25 | Research | Bow Saw |
| 26:40 | Research | Heavy Plow |
| 27:19 | Create | Villager (Male) |
| 27:21 | Research | Gold Mining |
| 27:47 | Build | Castle |
| 27:52 | Research | Fletching |
| 27:55 | Create | Villager (Male) |
| 28:06 | Build | House |
| 28:08 | Build | House |
| 28:10 | Build | House |
| 29:27 | Create | Villager (Male) |
| 29:37 | Research | Gold Shaft Mining |
| 30:03 | Research | Bodkin Arrow |
| 30:05 | Create | Villager (Male) |
| 30:10 | Build | Lumber Camp |
| 30:43 | Build | Mining Camp |
| 30:46 | Create | Villager (Male) |
| 30:47 | Create | Villager (Male) |
| 31:09 | Research | Stone Mining |
| 31:27 | Create | Scout Cavalry |
| 31:43 | Create | Villager (Male) |
| 31:58 | Create | Villager (Male) |
| 32:05 | Build | Farm |
| 32:14 | Create | Villager (Male) |
| 32:33 | Create | Villager (Male) |
| 32:52 | Build | Monastery |
| 33:03 | Build | University |
| 33:06 | Create | Villager (Male) |
| 33:07 | Create | Villager (Male) |
| 33:13 | Research | Stone Shaft Mining |
| 33:57 | Research | Treadmill Crane |
| 33:59 | Research | Murder Holes |
| 34:00 | Research | Ballistics |
| 34:08 | Create | Villager (Male) |
| 34:26 | Create | Villager (Male) |
| 34:27 | Create | Villager (Male) |
| 34:27 | Create | Villager (Male) |
| 34:36 | Build | Farm |
| 34:44 | Build | Farm |
| 34:48 | Build | Farm |
| 34:50 | Create | Villager (Male) |
| 34:51 | Create | Villager (Male) |
| 34:54 | Create | Villager (Male) |
| 35:22 | Build | Farm |
| 35:36 | Build | Farm |
| 35:40 | Create | Villager (Male) |
| 35:43 | Create | Karambit Warrior ×5 |
| 35:43 | Create | Karambit Warrior ×5 |
| 35:44 | Create | Karambit Warrior ×4 |
| 36:05 | Build | Farm |
| 36:13 | Research | Town Watch |
| 36:19 | Create | Monk |
| 36:43 | Build | House |
| 36:44 | Build | House |
| 36:46 | Build | House |
| 36:50 | Build | House |
| 36:52 | Build | House |
| 36:53 | Build | House |
| 36:55 | Build | House |
| 36:57 | Build | House |
Build order — JayLian
141 actions detected in the replay
| 0:28 | Build | Town Center |
| 1:15 | Build | House |
| 1:17 | Build | House |
| 2:28 | Create | Villager (Male) |
| 2:28 | Create | Villager (Male) |
| 2:28 | Create | Villager (Male) |
| 2:29 | Create | Villager (Male) |
| 2:29 | Create | Villager (Male) |
| 2:43 | Research | Loom |
| 2:43 | Research | Loom |
| 4:16 | Create | Villager (Male) |
| 4:16 | Create | Villager (Male) |
| 4:16 | Create | Villager (Male) |
| 4:37 | Create | Villager (Male) |
| 4:37 | Create | Villager (Male) |
| 4:38 | Create | Villager (Male) |
| 4:38 | Create | Villager (Male) |
| 5:29 | Create | Villager (Male) |
| 5:29 | Create | Villager (Male) |
| 5:30 | Create | Villager (Male) |
| 5:56 | Create | Villager (Male) |
| 5:56 | Create | Villager (Male) |
| 6:35 | Build | House |
| 6:36 | Build | House |
| 6:37 | Build | House |
| 7:18 | Create | Villager (Male) |
| 7:18 | Create | Villager (Male) |
| 7:18 | Create | Villager (Male) |
| 7:19 | Create | Villager (Male) |
| 7:19 | Create | Villager (Male) |
| 7:19 | Create | Villager (Male) |
| 7:20 | Create | Villager (Male) |
| 8:09 | Create | Villager (Male) |
| 8:10 | Create | Villager (Male) |
| 8:10 | Create | Villager (Male) |
| 8:53 | Build | House |
| 8:55 | Build | House |
| 9:19 | Create | Villager (Male) |
| 9:27 | Build | House |
| 9:59 | Create | Villager (Male) |
| 10:35 | Create | Villager (Male) |
| 10:58 | Build | Mining Camp |
| 11:00 | Create | Villager (Male) |
| 11:23 | Create | Villager (Male) |
| 11:46 | Build | Mill |
| 11:54 | Create | Villager (Male) |
| 11:54 | Create | Villager (Male) |
| 12:06 | Build | House |
| 12:08 | Build | House |
| 12:18 | Research | Feudal Age |
| 12:18 | Research | Feudal Age |
| 12:33 | Build | Lumber Camp |
| 12:52 | Build | House |
| 13:06 | Build | Farm |
| 13:15 | Build | Farm |
| 13:29 | Build | Barracks |
| 13:31 | Build | House |
| 14:16 | Build | House |
| 14:27 | Create | Villager (Male) |
| 14:28 | Create | Villager (Male) |
| 14:29 | Age | Feudal Age |
| 14:32 | Build | Blacksmith |
| 14:56 | Create | Villager (Male) |
| 15:06 | Build | Stable |
| 15:18 | Build | Mining Camp |
| 15:29 | Create | Villager (Male) |
| 15:45 | Research | Man-at-Arms (upgrade) |
| 15:58 | Build | House |
| 16:08 | Research | Castle Age |
| 16:08 | Research | Castle Age |
| 16:18 | Build | Farm |
| 16:20 | Build | Farm |
| 16:22 | Build | Farm |
| 16:42 | Build | Barracks |
| 17:01 | Build | Gate |
| 17:04 | Build | House |
| 17:07 | Build | House |
| 17:15 | Build | House |
| 17:54 | Create | Villager (Male) |
| 17:58 | Research | Double-Bit Axe |
| 17:58 | Research | Double-Bit Axe |
| 18:31 | Build | Farm |
| 18:33 | Build | Farm |
| 18:34 | Build | Farm |
| 18:36 | Build | Farm |
| 18:37 | Build | Farm |
| 18:39 | Build | Farm |
| 18:44 | Build | Farm |
| 18:45 | Build | Farm |
| 18:46 | Build | Farm |
| 18:48 | Age | Castle Age |
| 18:51 | Create | Villager (Male) |
| 18:52 | Create | Villager (Male) |
| 18:52 | Create | Villager (Male) |
| 18:52 | Create | Villager (Male) |
| 19:20 | Create | Villager (Male) |
| 19:46 | Create | Villager (Male) |
| 20:29 | Research | Man-at-Arms (upgrade) |
| 20:30 | Create | Militia |
| 20:30 | Create | Militia |
| 20:30 | Create | Militia |
| 21:00 | Build | Monastery |
| 21:08 | Research | Arson |
| 21:11 | Create | Villager (Male) |
| 21:11 | Create | Villager (Male) |
| 21:20 | Build | Mill |
| 21:21 | Build | Farm |
| 21:22 | Build | Farm |
| 21:23 | Build | Farm |
| 21:24 | Build | Farm |
| 21:25 | Build | Farm |
| 21:27 | Build | Farm |
| 21:29 | Build | Farm |
| 21:32 | Create | Villager (Male) |
| 22:17 | Create | Spearman |
| 22:18 | Create | Spearman |
| 22:29 | Create | Villager (Male) |
| 22:29 | Create | Villager (Male) |
| 22:42 | Create | Villager (Male) |
| 22:51 | Create | Villager (Male) |
| 22:56 | Create | Monk |
| 23:00 | Create | Monk |
| 23:10 | Build | Farm |
| 23:17 | Create | Villager (Male) |
| 23:41 | Create | Villager (Male) |
| 23:47 | Create | Villager (Male) |
| 24:20 | Research | Long Swordsman (upgrade) |
| 24:21 | Create | Militia ×5 |
| 24:26 | Create | Villager (Male) |
| 24:52 | Research | Wheelbarrow |
| 25:09 | Build | Castle |
| 25:58 | Build | Castle |
| 26:08 | Research | Fletching |
| 26:08 | Research | Fletching |
| 26:10 | Create | Villager (Male) |
| 26:11 | Create | Villager (Male) |
| 26:11 | Create | Villager (Male) |
| 26:23 | Research | Pikeman (upgrade) |
| 26:24 | Create | Militia ×5 |
| 26:25 | Create | Militia ×5 |
| 26:25 | Create | Militia ×5 |
Build order — travislift7
First 150 of 174 actions detected
| 1:02 | Build | Town Center |
| 3:15 | Build | Mill |
| 3:25 | Build | House |
| 3:26 | Build | House |
| 3:27 | Create | Villager (Male) |
| 3:27 | Create | Villager (Male) |
| 3:30 | Create | Villager (Male) |
| 3:30 | Create | Villager (Male) |
| 3:30 | Create | Villager (Male) |
| 3:31 | Research | Loom |
| 4:37 | Build | House |
| 5:17 | Create | Villager (Male) |
| 5:43 | Create | Villager (Male) |
| 6:30 | Create | Villager (Male) |
| 6:47 | Create | Villager (Male) |
| 7:18 | Create | Villager (Male) |
| 7:31 | Create | Villager (Male) |
| 7:50 | Build | House |
| 7:55 | Create | Villager (Male) |
| 8:32 | Create | Villager (Male) |
| 8:46 | Build | Mill |
| 9:07 | Create | Villager (Male) |
| 9:07 | Create | Villager (Male) |
| 9:09 | Create | Villager (Male) |
| 9:10 | Create | Villager (Male) |
| 9:10 | Create | Villager (Male) |
| 9:34 | Create | Villager (Male) |
| 9:35 | Create | Villager (Male) |
| 9:44 | Build | Lumber Camp |
| 10:45 | Build | Barracks |
| 11:03 | Create | Villager (Male) |
| 11:07 | Create | Villager (Male) |
| 11:30 | Build | House |
| 11:31 | Build | House |
| 11:38 | Create | Villager (Male) |
| 12:32 | Create | Villager (Male) |
| 12:33 | Create | Villager (Male) |
| 12:43 | Build | Mill |
| 12:55 | Create | Villager (Male) |
| 13:13 | Build | Farm |
| 13:18 | Build | Farm |
| 13:21 | Create | Villager (Male) |
| 13:32 | Build | Mill |
| 13:56 | Create | Villager (Male) |
| 14:04 | Build | Farm |
| 14:22 | Create | Villager (Male) |
| 14:42 | Create | Villager (Male) |
| 14:53 | Build | Farm |
| 15:02 | Create | Villager (Male) |
| 15:30 | Research | Feudal Age |
| 15:44 | Create | Militia |
| 15:46 | Create | Villager (Male) |
| 15:53 | Build | House |
| 15:53 | Build | House |
| 16:23 | Create | Militia |
| 16:36 | Build | Farm |
| 16:47 | Create | Villager (Male) |
| 16:50 | Create | Militia |
| 17:09 | Create | Militia |
| 17:27 | Create | Villager (Male) |
| 17:34 | Build | Mining Camp |
| 17:38 | Create | Villager (Male) |
| 17:40 | Age | Feudal Age |
| 17:41 | Create | Militia |
| 17:54 | Create | Militia |
| 18:10 | Build | Blacksmith |
| 18:21 | Create | Militia |
| 18:21 | Research | Arson |
| 18:35 | Create | Villager (Male) |
| 18:41 | Build | Farm |
| 18:41 | Build | Farm |
| 18:41 | Build | Farm |
| 18:41 | Build | Farm |
| 18:42 | Build | Farm |
| 18:42 | Build | Farm |
| 18:42 | Build | Farm |
| 18:52 | Create | Villager (Male) |
| 19:02 | Create | Villager (Male) |
| 19:13 | Build | Farm |
| 19:13 | Build | Farm |
| 19:27 | Build | House |
| 19:28 | Build | House |
| 19:28 | Build | House |
| 19:29 | Build | House |
| 19:54 | Create | Villager (Male) |
| 20:05 | Build | House |
| 20:30 | Create | Villager (Male) |
| 20:39 | Build | Market |
| 20:48 | Create | Villager (Male) |
| 21:20 | Build | House |
| 21:20 | Build | House |
| 21:21 | Build | House |
| 21:31 | Research | Castle Age |
| 22:03 | Research | Double-Bit Axe |
| 22:04 | Research | Double-Bit Axe |
| 22:09 | Research | Horse Collar |
| 22:09 | Research | Horse Collar |
| 22:15 | Create | Villager (Male) |
| 22:39 | Build | Outpost |
| 22:44 | Research | Stone Mining |
| 23:04 | Create | Villager (Male) |
| 23:32 | Create | Villager (Male) |
| 23:53 | Build | Stone Wall |
| 23:54 | Build | Stone Wall |
| 24:00 | Build | Stone Wall |
| 24:06 | Create | Villager (Male) |
| 24:11 | Age | Castle Age |
| 24:33 | Build | Krepost |
| 24:51 | Create | Villager (Male) |
| 24:53 | Research | Heavy Plow |
| 25:09 | Create | Villager (Male) |
| 25:10 | Create | Villager (Male) |
| 25:13 | Create | Militia |
| 25:14 | Create | Militia |
| 25:14 | Create | Militia |
| 25:36 | Create | Konnik |
| 25:37 | Create | Konnik |
| 25:38 | Create | Militia |
| 25:43 | Create | Villager (Male) |
| 26:44 | Create | Villager (Male) |
| 26:47 | Research | Gold Mining |
| 27:20 | Build | Lumber Camp |
| 27:29 | Build | Mill |
| 27:32 | Build | Farm |
| 27:33 | Build | Farm |
| 27:33 | Build | Farm |
| 27:33 | Build | Farm |
| 27:43 | Research | Wheelbarrow |
| 27:45 | Research | Town Watch |
| 27:46 | Create | Villager (Male) |
| 28:07 | Create | Villager (Male) |
| 28:14 | Research | Bow Saw |
| 28:56 | Build | Krepost |
| 29:06 | Create | Villager (Male) |
| 29:34 | Build | Blacksmith |
| 30:06 | Research | Fletching |
| 30:09 | Create | Villager (Male) |
| 30:21 | Create | Villager (Male) |
| 30:29 | Build | Farm |
| 30:29 | Build | Farm |
| 30:30 | Build | Farm |
| 31:24 | Create | Villager (Male) |
| 31:24 | Create | Villager (Male) |
| 31:30 | Build | Lumber Camp |
| 32:05 | Create | Villager (Male) |
| 32:05 | Create | Villager (Male) |
| 32:05 | Create | Villager (Male) |
| 32:16 | Create | Villager (Male) |
| 32:23 | Research | Gold Shaft Mining |
| 32:41 | Create | Konnik |
Match timeline
| 10:45 | travislift7 · first_building Barracks |
| 10:47 | maialen_zubi · first_building Barracks |
| 12:20 | Squirting_Pussy · wall_segment Palisade Wall x5 |
| 13:09 | Squirting_Pussy · age_up feudal |
| 13:29 | JayLian · first_building Barracks |
| 13:31 | Squirting_Pussy · first_building Barracks |
| 13:34 | Squirting_Pussy · wall_segment Palisade Wall x1 |
| 14:29 | JayLian · age_up feudal |
| 15:06 | JayLian · first_building Stable |
| 15:07 | alpha_omega71 · age_up feudal |
| 15:14 | Dickinho · age_up feudal |
| 16:15 | maialen_zubi · age_up feudal |
| 17:01 | Squirting_Pussy · wall_segment Palisade Wall x7 |
| 17:01 | Squirting_Pussy · wall_segment Palisade Wall x1 |
| 17:06 | maialen_zubi · first_market_buy 100 food |
| 17:22 | Cartus · age_up feudal |
| 17:40 | travislift7 · age_up feudal |
| 18:15 | Squirting_Pussy · first_building Stable |
| 18:17 | maialen_zubi · first_market_sell 100 stone |
| 18:48 | JayLian · age_up castle |
| 18:52 | Squirting_Pussy · wall_segment Palisade Wall x4 |
| 19:18 | maialen_zubi · wall_segment Palisade Wall x7 |
| 20:01 | Dickinho · first_building Barracks |
| 20:03 | Mickme · age_up feudal |
| 20:11 | Cartus · first_market_buy 100 food |
| 20:22 | alpha_omega71 · age_up castle |
| 21:00 | JayLian · first_building Monastery |
| 21:04 | Cartus · first_building Barracks |
| 21:11 | Dickinho · first_building Archery Range |
| 21:30 | travislift7 · first_market_buy 100 food |
| 21:48 | alpha_omega71 · first_building Monastery |
| 22:18 | Cartus · first_building Stable |
| 22:29 | alpha_omega71 · wall_segment Stone Wall x12 |
| 22:32 | Squirting_Pussy · wall_segment Palisade Wall x6 |
| 22:57 | Cartus · age_up castle |
| 23:47 | Squirting_Pussy · wall_segment Palisade Wall x1 |
| 23:53 | travislift7 · wall_segment Stone Wall x4 |
| 23:54 | travislift7 · wall_segment Stone Wall x10 |
| 24:00 | Mickme · first_building Barracks |
| 24:00 | travislift7 · wall_segment Stone Wall x10 |
| 24:11 | travislift7 · age_up castle |
| 24:33 | travislift7 · first_building Krepost |
| 24:38 | Squirting_Pussy · first_market_buy 100 food |
| 24:47 | maialen_zubi · wall_segment Palisade Wall x8 |
| 24:57 | Mickme · age_up castle |
| 25:09 | JayLian · first_building Castle |
| 25:25 | alpha_omega71 · wall_segment Stone Wall x9 |
| 25:36 | Dickinho · wall_segment Stone Wall x19 |
| 25:40 | Mickme · first_building Castle |
| 25:44 | maialen_zubi · first_building Stable |
| 25:48 | Dickinho · age_up castle |
| 26:14 | maialen_zubi · age_up castle |
| 26:35 | Mickme · first_market_sell 500 wood |
| 26:49 | Cartus · first_building Castle |
| 26:57 | JayLian · resign |
| 27:33 | Squirting_Pussy · age_up castle |
| 27:47 | maialen_zubi · first_building Castle |
| 28:04 | alpha_omega71 · first_building Castle |
| 28:34 | alpha_omega71 · wall_segment Stone Wall x33 |
| 28:37 | alpha_omega71 · wall_segment Stone Wall x7 |
| 29:16 | Dickinho · wall_segment Stone Wall x14 |
| 30:01 | Squirting_Pussy · first_building Siege Workshop |
| 30:14 | alpha_omega71 · wall_segment Stone Wall x8 |
| 30:16 | alpha_omega71 · wall_segment Stone Wall x8 |
| 30:22 | alpha_omega71 · wall_segment Stone Wall x18 |
| 30:47 | Squirting_Pussy · first_building Archery Range |
| 31:55 | Mickme · wall_segment Stone Wall x22 |
| 32:00 | Dickinho · first_building Castle |
| 32:46 | Mickme · wall_segment Stone Wall x12 |
| 32:52 | maialen_zubi · first_building Monastery |
| 33:29 | Mickme · wall_segment Stone Wall x3 |
| 33:30 | Mickme · wall_segment Stone Wall x2 |
| 34:10 | Mickme · wall_segment Stone Wall x39 |
| 34:17 | alpha_omega71 · first_building Siege Workshop |
| 34:23 | alpha_omega71 · first_building Barracks |
| 34:43 | travislift7 · first_market_sell 100 stone |
| 34:56 | Dickinho · wall_segment Stone Wall x19 |
| 35:13 | Mickme · wall_segment Stone Wall x8 |
| 35:45 | Cartus · first_building Monastery |
| 35:59 | Mickme · wall_segment Stone Wall x3 |
| 36:01 | Mickme · wall_segment Stone Wall x2 |
| 37:06 | Mickme · wall_segment Stone Wall x5 |
| 37:27 | Dickinho · wall_segment Stone Wall x6 |
| 37:30 | Dickinho · age_up imperial |
| 38:33 | Mickme · wall_segment Stone Wall x16 |
| 38:38 | Mickme · wall_segment Stone Wall x15 |
| 38:43 | alpha_omega71 · first_building Stable |
| 38:43 | Mickme · wall_segment Stone Wall x23 |
| 39:17 | Dickinho · wall_segment Stone Wall x5 |
| 40:16 | Dickinho · wall_segment Stone Wall x10 |
| 40:51 | Cartus · first_building Siege Workshop |
[ AI ANALYSIS · 1 CREDIT ]
What really happened in this match?
Wolo.gg analyzes every decision: build order, eco, micro, common mistakes by bracket. Personalized analysis on WhatsApp or Discord in 30 seconds.
Civ guide
Bohemians
Perfil
Jugador #19089540